 Dungeon Crawl Stone Soup version 0.25.0-11-g1f837a76a1 (webtiles) character file.

Game seed: 5968487593646236623

93 Delamore the Skirmisher (level 4, 0/30 HPs)
             Began as a Gargoyle Fighter on June 26, 2020.
             Slain by an orc wizard
             ... wielding a +0 dagger of protection
              (1 damage)
             ... on level 4 of the Dungeon.
             The game lasted 00:02:10 (2925 turns).

Delamore the Skirmisher (Gargoyle Fighter)          Turns: 2925, Time: 00:02:11

Health: 0/30       AC: 11    Str: 21    XL:     4   Next: 61%
Magic:  4/4        EV:  7    Int:  8    God:
Gold:   152        SH:  9    Dex:  9    Spells: 3/3 levels left

rFire    . . .     SeeInvis .   a - +0 flail
rCold    . . .     Gourm    .   c - +0 kite shield
rNeg     + + .     Faith    .   b - +0 scale mail
rPois    ∞         Spirit   .   (no helmet)
rElec    +         Reflect  .   o - +0 cloak
rCorr    .         Harm     .   (no gloves)
MR       .....                  (no boots)
Stlth    ..........             s - amulet of magic regeneration
HPRegen  0.10/turn              h - ring of positive energy
MPRegen  0.34/turn              (no ring)

@: no status effects
A: negative energy resistance 1, electricity resistance, unbreathing,
petrification resistance, rot immunity, AC +3
a: no special abilities


You were on level 4 of the Dungeon.
You were hungry.

You visited 1 branch of the dungeon, and saw 4 of its levels.

You collected 152 gold pieces.

Inventory:

Hand Weapons
 a - a +0 flail (weapon)
Missiles
 u - 4 javelins (quivered)
 y - 29 poisoned darts
Armour
 b - a +0 scale mail (worn)
 c - a +0 kite shield (worn)
 o - a +0 cloak (worn)
Jewellery
 h - a ring of positive energy (left hand)
 l - an uncursed ring of magical power
 s - an amulet of magic regeneration (around neck)
 w - an uncursed ring of ice
Scrolls
 k - 4 scrolls of blinking
 n - a scroll of amnesia
 q - a scroll of fog
 r - a scroll of remove curse
 v - a scroll of fear
 x - a scroll of teleportation
Potions
 d - a potion of might
 e - a potion of mutation {unknown}
 i - 2 potions of flight {unknown}
 j - 2 potions of heal wounds {unknown}
 m - 2 potions of curing {unknown}
 p - 2 potions of cancellation {unknown}
 t - a potion of lignification {unknown}
 z - a potion of resistance {unknown}
Comestibles
 f - 5 rations


   Skills:
 + Level 4.7 Fighting
 + Level 3.5 Maces & Flails
 - Level 3.2 Armour
 - Level 3.2 Shields


You had 3 spell levels left.
You didn't know any spells.
Your spell library was empty.

Dungeon Overview and Level Annotations

Branches:
Dungeon (4/15)
 Temple: D:4-7

Altars:
Dithmenos
Ru


Innate Abilities, Weirdness & Mutations

You are resistant to torment.
Your stone body is resilient. (AC +3)
You are immune to poison.
You resist negative energy. (rN+)
You are resistant to electric shocks. (rElec)
You can survive without breathing.
You are immune to petrification.
You are immune to rotting.


Message History

Something hits you but does no damage. x2; You block something's attack.
The orc throws a boomerang.
The boomerang hits you.
The weapon returns to the orc!
You closely miss something. Something hits you.
Something hits you but does no damage. x2
You miss something. Something hits you but does no damage.
You hear some strange, mumbled words.
A magic dart appears from out of thin air!
The magic dart hits you but does no damage.
Something hits you but does no damage.
You closely miss something. Something hits you but does no damage.
The orc throws a boomerang.
The boomerang hits you but does no damage.
The weapon returns to the orc!
You block something's attack.
You hear some strange, mumbled words.
A puff of flame appears from out of thin air!
The puff of flame hits you!
* * * LOW HITPOINT WARNING * * *
You completely miss something. Something hits you.
You die...

. .. ... ...o .....
.....o#############
......o....#.o{@.<#
...######...).{####
#..#.#.# #....#.#
#..#.#.#
#####.###.#
#.........#
#.#.#.##### #.#...#


You could see an orc.

Vanquished Creatures
  Crazy Yiuf (D:3)
  2 adders (D:3)
  3 worms
  4 orcs
  2 giant cockroaches
  5 goblins
  3 hobgoblins
  3 kobolds (D:1)
  2 quokkas (D:3)
  2 ball pythons (D:1)
  4 bats
  2 frilled lizards (D:2)
  2 rats
35 creatures vanquished.

Notes
Turn   | Place    | Note
-------+----------+-------------------------------------------
     0 | D:1      | Delamore the Gargoyle Fighter began the quest for the Orb.
     0 | D:1      | Reached XP level 1. HP: 14/14 MP: 1/1
   321 | D:1      | Reached XP level 2. HP: 18/19 MP: 2/2
  1256 | D:2      | Reached XP level 3. HP: 24/24 MP: 3/3
  1349 | D:2      | Reached skill level 4 in Fighting
  1666 | D:3      | Found a shadowy altar of Dithmenos.
  1779 | D:3      | Found a runed translucent door.
  1780 | D:3      | Noticed Crazy Yiuf
  2081 | D:3      | Found a sacrificial altar of Ru.
  2170 | D:3      | Reached XP level 4. HP: 30/30 MP: 4/4
  2640 | D:3      | Killed Crazy Yiuf
  2924 | D:4      | HP: 1/30 [something/puff of flame (9)]
  2925 | D:4      | Slain by an orc wizard

Illustrated notes

Levels and vault maps discovered:
D:1:      dpeg_arrival_simpleton_c, layout_loops_ring
D:2:      layout_basic, first_ration
D:3:      layout_loops_corners, nicolae_ru_the_path_less_chosen, chequers_jeans,
          hangedman_decor_points, grunt_dithmenos_smoke, uniq_crazy_yiuf_cottage
D:4:      layout_basic, nicolae_ossuary_entry_giza, sigmund_army

Skill      XL: |  1  2  3 |
---------------+----------+-----
Fighting       | 4 |  4.7
Maces & Flails | 3 |  3.5
Armour         | |  3.2
Shields        | |  3.2

Action                   |  1- 3 |  4- 6 || total
-------------------------+-------+-------++-------
Melee: Flail             |   135 |    49 ||   184
  Use: Scroll            |       |     6 ||     6
  Eat: Chunk             |     4 |     2 ||     6
Armor: Scale mail        |    77 |    58 ||   135
Dodge: Dodged            |    38 |    22 ||    60
Block: Kite shield       |    78 |    21 ||    99
